 Dungeon Crawl Stone Soup version 0.19.0-24-gb05acd6 (webtiles) character file.

111 Ice the Skirmisher (level 4, -5/50 HPs)
             Began as an Ogre Chaos Knight on Nov 21, 2016.
             Slain by case's ghost (13 damage)
             ... on level 3 of the Dungeon.
             The game lasted 00:15:20 (2216 turns).

Ice the Skirmisher (Ogre Chaos Knight)              Turns: 2216, Time: 00:15:20

Health: -5/50      AC:  6    Str: 16    XL:     4   Next: 92%
Magic:  4/4        EV: 10    Int: 11    God:    Xom [.*....]
Gold:   188        SH:  0    Dex:  9    Spells: 0 memorised, 3 levels left

rFire  . . .     SeeInvis .     t - +0 flail
rCold  + . .     Gourm    .     a - +2 robe
rNeg   . . .     Faith    .     (no shield)
rPois  .         Spirit   .     (helmet restricted)
rElec  .         Reflect  .     (no cloak)
rCorr  .         Harm     .     (gloves unavailable)
MR     .....                    (boots unavailable)
Stlth  +.........               (no amulet)
                                (no ring)
                                d - ring of flight

@: no status effects
A: unfitting armour, cold resistance 1, deterioration 1, shaggy fur 1, tough
skin 1, weak 1
a: Renounce Religion, Evoke Flight


You were on level 3 of the Dungeon.
You worshipped Xom.
You were a plaything of Xom.
You were hungry.

You visited 1 branch of the dungeon, and saw 3 of its levels.

You collected 188 gold pieces.

Inventory:

Hand Weapons
 g - a +0 dagger
 o - a +0 short sword
 t - a +0 flail (weapon)
Missiles
 f - 25 arrows
 h - 17 sling bullets
 j - 24 stones
 u - 4 javelins (quivered)
 y - 22 bolts
Armour
 a - a +2 robe (worn)
Jewellery
 d - a ring of flight (left hand)
Scrolls
 c - a scroll of fear {unknown}
 k - a scroll of recharging {unknown}
 q - a scroll of random uselessness {unknown}
 r - a scroll of enchant armour {unknown}
 A - a scroll of teleportation {unknown}
 B - a scroll of amnesia {unknown}
Potions
 e - 2 potions of heal wounds
 n - a potion of resistance {unknown}
 p - 2 potions of degeneration
 v - 3 potions of agility
 w - 2 potions of haste {unknown}
 x - a potion of might {unknown}
 z - 2 potions of curing {unknown}
 C - a potion of brilliance {unknown}
Comestibles
 b - 3 bread rations
 i - 4 fruits
 l - a meat ration
 m - 6 beef jerkies
 s - 6 chunks of flesh


   Skills:
 - Level 5.0 Fighting
   Level 2.0 Axes
 + Level 1.1(2.6) Maces & Flails
 - Level 0.8 Throwing
 - Level 2.6 Dodging
 - Level 2.6 Unarmed Combat


You had 3 spell levels left.
You didn't know any spells.

Dungeon Overview and Level Annotations

Branches:
Dungeon (3/15)

Altars:
Xom
The Shining One

Annotations:
D:3 case's ghost, amateur GrFi


Innate Abilities, Weirdness & Mutations

You are too large for most types of armour.
You have tough skin. (AC +1)
Your flesh is cold resistant. (rC+)
Your body sometimes deteriorates upon taking damage.
You are covered in fur. (AC +1)
You are weak. (Str -2)


Message History

You hit case's ghost but do no damage. Case's ghost misses you.
You barely miss case's ghost.
Case's ghost hits you but does no damage.
You barely miss case's ghost. Case's ghost barely misses you.
You hit case's ghost but do no damage. Case's ghost barely misses you.
Case's ghost hits you!!
You emit a cloud of colourful smoke!
You sock case's ghost!
Case's ghost is lightly damaged.
Case's ghost closely misses you.
You are feeling hungry.
You hit case's ghost but do no damage.
Case's ghost is lightly damaged.
Case's ghost hits you!
* * * LOW HITPOINT WARNING * * *
Case's ghost shrieks, "You will never get the ORB!"
There is a stone staircase leading up here.
Case's ghost hits you!
You die...
Xom laughs nastily!

####### #.._..# #########___..#
#######
..............############.....##
#########...$..W@__.<)...........
.## #_..<.###..............##
.>#########...# #.########.....#
.........ยง..._# #.# #.....#
...########...# #<##########.###
...# #.### #.#.......##.# ..##
#####_#####.#.#####.##.# .##
#.)...........#####.##.# .#
###.#...###......>.......#


You could see case's ghost.

Vanquished Creatures
  Terence (D:2)
  An adder (D:2)
  2 oozes (D:1)
  3 worms (D:2)
  2 leopard geckos
  An orc (D:3)
  5 giant cockroaches
  7 goblins
  8 hobgoblins
  5 jackals
  2 quokkas (D:3)
  A ball python (D:3)
  4 bats
  3 frilled lizards (D:1)
  5 kobolds
  5 rats
55 creatures vanquished.

Notes
Turn   | Place    | Note
-------+----------+-------------------------------------------
     0 | D:1      | Ice the Ogre Chaos Knight began the quest for the Orb.
     0 | D:1      | Reached XP level 1. HP: 24/24 MP: 1/1
     9 | D:1      | XOM: potion effect (might)
   168 | D:1      | XOM: silly message
   222 | D:1      | XOM: silly message
   284 | D:1      | Reached XP level 2. HP: 33/33 MP: 2/2
   296 | D:1      | XOM: harmless Conj miscast
   445 | D:1      | XOM: enchant monster (bad)
   458 | D:1      | Reached skill level 5 in Fighting
   527 | D:1      | Reached XP level 3. HP: 41/42 MP: 3/3
   595 | D:1      | Found a glowing golden altar of the Shining One.
   929 | D:2      | HP: 1/42 [hobgoblin (3)]
   955 | D:2      | XOM: harmless Divn miscast
  1021 | D:2      | HP: 1/42 [worm (7)]
  1246 | D:1      | XOM: give mutations
  1246 | D:1      | Gained mutation: You are weak. (Str -2) [Xom's mischief]
  1246 | D:1      | Gained mutation: Your flesh is cold resistant. (rC+) [Xom's mischief]
  1246 | D:1      | Gained mutation: Your body sometimes deteriorates upon taking damage. [Xom's mischief]
  1246 | D:1      | Gained mutation: You are covered in fur. (AC +1) [Xom's mischief]
  1542 | D:2      | Reached skill level 1 in Axes
  1551 | D:2      | Reached XP level 4. HP: 20/50 MP: 4/4
  1671 | D:2      | XOM: summons 4 hostile shadow creatures
  1843 | D:2      | Noticed Terence
  1859 | D:2      | Killed Terence
  2061 | D:3      | Reached skill level 1 in Maces & Flails
  2128 | D:3      | Noticed case's ghost (amateur GrFi)
  2132 | D:3      | XOM: fake destruction
  2167 | D:3      | XOM: noise
  2175 | D:3      | XOM: scenery: create altars
  2197 | D:3      | XOM: potion effect (heal wounds)
  2204 | D:3      | XOM: smoke on damage
  2216 | D:3      | Slain by case's ghost

Skill      XL: |  1  2  3  4 |
---------------+-------------+-----
Fighting       | 5 |  5.0
Axes           | 1 2 |  2.0
Maces & Flails | 1 |  1.1
Throwing       | |  0.8
Dodging        | |  2.6
Unarmed Combat | |  2.6

Action                   |  1- 3 |  4- 6 || total
-------------------------+-------+-------++-------
Melee: Hand axe          |   119 |    37 ||   156
       Unarmed           |     2 |       ||     2
       Flail             |       |    22 ||    22
       Punch             |       |     1 ||     1
Throw: Javelin           |    33 |    22 ||    55
       Stone             |    17 |     4 ||    21
  Use: Scroll            |       |     3 ||     3
  Eat: Chunk             |     2 |     2 ||     4
Armor: Robe              |    51 |    22 ||    73
Dodge: Dodged            |    70 |    29 ||    99
